 Dungeon Crawl Stone Soup version 0.31-a0-365-gcf821cafb2 (webtiles) character file.

Game seed: 4829286849326155727

361 Newt the Skirmisher (level 6, -5/40 HPs)
             Began as a Kobold Hunter on July 28, 2023.
             Slain by a gnoll
             ... wielding a +1 halberd of venom
              (8 damage)
             ... on level 4 of the Dungeon.
             The game lasted 00:02:33 (2479 turns).

Newt the Skirmisher (Kobold Hunter)                 Turns: 2479, Time: 00:02:34

Health: -5/40      AC:  5    Str:  8    XL:     6   Next: 98%
Magic:  6/6        EV: 14    Int: 11    God:
Gold:   163        SH:  0    Dex: 20    Spells: 5/5 levels left

rFire   . . .        d - +0 sling
rCold   . . .        (no shield)
rNeg    . . .        c - +1 leather armour
rPois   .            o - +0 helmet
rElec   .            (no cloak)
rCorr   +            (no gloves)
SInv    .            (no boots)
Will    .....        (no amulet)
Stlth   +++          i - ring of resist corrosion
HPRegen 0.26/turn    (no ring)
MPRegen 0.10/turn

%: no passive effects
@: lethally poisoned (-5 -> -16), hasted, very quick
A: small, no large weapons, nightstalker 3
a: no special abilities


You were on level 4 of the Dungeon.
You visited 1 branch of the dungeon, and saw 4 of its levels.

You collected 163 gold pieces.

Inventory:

Hand Weapons
 a - a +0 shortbow of chaos
 d - a +0 sling (weapon)
Armour
 c - a +1 leather armour (worn)
 o - a +0 helmet (worn)
Jewellery
 i - a ring of resist corrosion (left hand)
Scrolls
 b - a scroll of butterflies
 g - a scroll of enchant armour
 k - a scroll of fear {unknown}
 m - a scroll of amnesia {unknown}
Potions
 e - a potion of lignification {unknown}
 f - a potion of attraction {unknown}
 h - a potion of enlightenment {unknown}
 l - a potion of cancellation {unknown}
 n - a potion of curing {unknown}


   Skills:
 - Level 5.0 Fighting
 + Level 8.6 Ranged Weapons
 - Level 2.4 Dodging
 - Level 1.3 Stealth


You had 5 spell levels left.
You didn't know any spells.
Your spell library contained the following spells:

 Spells                   Type           Power      Damage    Failure   Level
 Frozen Ramparts          Ice            0%         1d1       83%         3
 Petrify                  Tmut/Erth      0%         N/A       99%         4
 Metabolic Englaciation   Hex/Ice        0%         N/A       100%        5


Dungeon Overview and Level Annotations

Branches:
Dungeon (3/15)

Altars:


Innate Abilities, Weirdness & Mutations

You are small and have problems with some larger weapons.
You are completely attuned to the shadows.


Message History

You shoot a sling bullet.
The sling bullet closely misses the gnoll.
The gnoll completely misses you.
You shoot a sling bullet. The sling bullet hits the gnoll.
You kill the gnoll!
A gnoll comes into view. It is wielding a +1 whip of freezing.
You shoot a sling bullet. The sling bullet hits the gnoll.
The gnoll is heavily wounded.
A gnoll comes into view. It is wielding a +1 halberd of venom.
You shoot a sling bullet.
The sling bullet barely misses the gnoll.
The sling bullet hits the gnoll but does no damage.
You shoot a sling bullet. The sling bullet hits the gnoll.
The gnoll is heavily wounded.
There are monsters nearby!
You shoot a sling bullet.
The sling bullet barely misses the gnoll.
The sling bullet hits the gnoll but does no damage.
The gnoll barely misses you. The gnoll closely misses you.
Unknown command.
Fire: d) +0 sling
Press: ? - help, Shift-Dir - straight line, f - gnoll, p - gnoll
Aim: a gnoll, wielding a +1 halberd of venom (69% to hit)
Unknown command.
The gnoll attacks as you move away! The gnoll barely misses you.
You shoot a sling bullet.
The sling bullet hits the gnoll but does no damage.
The gnoll is heavily wounded.
The gnoll hits you with a +1 whip of freezing!
The gnoll freezes you.
The gnoll hits you from afar with a +1 halberd of venom!
You are poisoned.
You feel yourself speed up.
You feel very sick.
The gnoll hits you with a +1 whip of freezing!
* * * LOW HITPOINT WARNING * * *
The gnoll freezes you.
* * * LOW HITPOINT WARNING * * *
The gnoll hits you from afar with a +1 halberd of venom!
You die...

#.# #.# ########
#)# #......# #g#
#......# #g#
.......########@#
◎...............#
#...#############
...


You could see 2 gnolls.

Vanquished Creatures
  Sigmund (D:2)
  A gnoll bouda (D:3)
  6 gnolls
  3 adders (D:2)
  A worm (D:2)
  3 dart slugs (D:1)
  An orc (D:3)
  5 ball pythons
  5 bats
  13 endoplasms
  3 giant cockroaches
  2 goblins
  4 hobgoblins
  2 jackals (D:3)
  4 quokkas
  8 frilled lizards
  9 kobolds
  3 rats
74 creatures vanquished.

Notes
Turn   | Place    | Note
-------+----------+-------------------------------------------
     0 | D:1      | Newt the Kobold Hunter began the quest for the Orb.
     0 | D:1      | Reached XP level 1. HP: 12/12 MP: 1/1
    64 | D:1      | Reached XP level 2. HP: 18/18 MP: 2/2
   215 | D:1      | Reached XP level 3. HP: 6/23 MP: 3/3
   402 | D:1      | Found a faded altar of an unknown god.
  1033 | D:2      | Reached XP level 4. HP: 30/30 MP: 4/4
  1121 | D:2      | Identified the +0 plate armour "Zoleo" {*Slow rN+ Dex+4}
  1201 | D:2      | Reached skill level 5 in Fighting
  1476 | D:2      | Noticed Sigmund
  1623 | D:2      | Killed Sigmund
  1624 | D:2      | Reached skill level 7 in Ranged Weapons
  1624 | D:2      | Reached XP level 5. HP: 17/35 MP: 5/5
  1624 | D:2      | Reached XP level 6. HP: 20/40 MP: 6/6
  1937 | D:3      | Reached skill level 8 in Ranged Weapons
  2453 | D:3      | You fall into a shaft and drop 1 floor!
  2479 | D:4      | Slain by a gnoll

Illustrated notes

Levels and vault maps discovered:
D:1:      ldierk_walled_garden, layout_rooms, nicolae_ecumenical_snake_handling,
          reono_crystal_passage, minmay_hexomino_u4
D:2:      layout_basic, uniq_sigmund
D:3:      layout_loops_ring, grunt_ministairs_4
D:4:      layout_basic, kennysheep_mini

Skill      XL: |  1  2  3  4  5  6 |
---------------+-------------------+-----
Fighting       | 3 4 5 |  5.0
Ranged Weapons | 7 8 |  8.6
Dodging        | |  2.4
Stealth        | |  1.3

Action                     |  1- 3 |  4- 6 || total
---------------------------+-------+-------++-------
   Fire: Shortbow          |    92 |       ||    92
         Sling             |       |   130 ||   130
    Use: Scroll            |     4 |       ||     4
         Potion            |       |     2 ||     2
 Armour: Leather armour    |     7 |     6 ||    13
  Dodge: Dodged            |    35 |    57 ||    92

Table legend: (Time is in decaauts)
 A = Elapsed time spent in this place.
 B = Non-inter-level travel time spent in this place.
 C = Inter-level travel time spent in this place.
 D = Time resting spent in this place.
 E = Time spent auto-exploring this place.
 F = Levels seen in this place.
 G = Mean time per level.
                   A        B        C        D        E       F      G
               +--------+--------+--------+--------+--------+-----+--------+
         Total |   2493 |   2435 |     58 |    551 |   1482 |   4 |  623.2 |
       Dungeon |   2493 |   2435 |     58 |    551 |   1482 |   4 |  623.2 |
               +--------+--------+--------+--------+--------+-----+--------+

Top non-repeatable levels by time:
     D:1: 1018 daAuts
     D:2: 855 daAuts
     D:3: 594 daAuts
     D:4: 25 daAuts
